 Dungeon Crawl Stone Soup version 0.28.0-45-g0d030f2227 (webtiles) character file.

Game seed: 13344726204939040941

118 NinjaNoafa the Covered (level 4, -3/45 HPs)
             Began as a Minotaur Fighter on Apr 7, 2022.
             Shot with an arrow by a centaur (9 damage)
             ... on level 6 of the Dungeon.
             The game lasted 00:03:31 (1735 turns).

NinjaNoafa the Covered (Minotaur Fighter)           Turns: 1735, Time: 00:03:31

Health: -3/45      AC: 12    Str: 19 (22) XL:     4   Next: 72%
Magic:  3/3        EV:  7    Int:  3 (5)  God:
Gold:   174        SH:  4    Dex:  9 (10) Spells: 3/3 levels left

rFire   . . .      SeeInvis .   a - +0 long sword
rCold   . . .      Faith    +   c - +0 buckler
rNeg    + . .      Spirit   .   j - +0 chain mail {rN+}
rPois   .          Reflect  .   (helmet restricted)
rElec   .          Harm     .   (no cloak)
rCorr   .          Rampage  .   (no gloves)
Will    +....                   l - +2 pair of boots
Stlth   ..........              k - amulet of faith
HPRegen 0.15/turn               i - +4 ring of slaying
MPRegen 0.08/turn               o - ring of wizardry

@: lethally poisoned (-3 -> -22)
A: horns 2, retaliatory headbutt, strong-willed 1, robust 1
a: no special abilities


You were on level 6 of the Dungeon.
You visited 1 branch of the dungeon, and saw 4 of its levels.

You collected 174 gold pieces.

Inventory:

Hand Weapons
 a - a +0 long sword (weapon)
Missiles
 e - 46 stones
 n - 5 boomerangs (quivered)
Armour
 b - a +0 scale mail
 c - a +0 buckler (worn)
 j - a +0 chain mail of positive energy (worn)
 l - a +2 pair of boots (worn)
Jewellery
 i - a +4 ring of slaying (left hand)
 k - an amulet of faith (around neck)
 o - a ring of wizardry (right hand)


   Skills:
 + Level 4.5 Fighting
 + Level 3.6 Long Blades
 + Level 4.6 Armour
 + Level 4.5 Shields


You had 3 spell levels left.
You didn't know any spells.
Your spell library was empty.

Dungeon Overview and Level Annotations

Branches:
Dungeon (3/15)

Altars:
Xom

Annotations:
D:3 Terence


Innate Abilities, Weirdness & Mutations

You have a pair of horns on your head.
You reflexively headbutt those who attack you in melee.
You are strong-willed. (Will+)
You are robust. (+10% HP)


Message History

You hear the slow hiss of an avalanche of sand nearby.
You now have 174 gold pieces (gained 11).
An orc comes into view. It is wielding a +0 mace.
A gnoll comes into view. It is wielding a +0 whip.
The gnoll shouts!
The orc shouts!
You hear a shout! x2
A water moccasin and 3 gnolls come into view.
Found a chain mail.
The water moccasin hisses angrily.
The gnoll shouts! x2
A bullfrog skeleton comes into view.
The gnoll throws a throwing net.
The throwing net hits you.
You become entangled in the net!
You see here a throwing net.
You struggle against the net.
A wight comes into view. It is wielding a +0 short sword.
You tear a large gash into the net.
The gnoll hits you with a +0 whip.
You rip the net and break free!
An orc comes into view. It is wielding a +0 club.
The orc hits you but does no damage. The gnoll hits you with a +0 whip.
As you read the scroll labelled AGYROI NOMUXZOPANT, it crumbles to dust.
It is a scroll of identify.
You don't have any unidentified items.
The orc hits you but does no damage.
Found an escape hatch in the ceiling.
The water moccasin bites you!
You are poisoned.
The water moccasin poisons you!
You feel very sick.
A centaur comes into view.
You feel very sick.
The centaur wields a +0 shortbow.
The centaur shoots an arrow.
The arrow hits you.
You feel sick.
The centaur shoots an arrow.
The arrow hits you but does no damage.
The centaur shoots an arrow.
The arrow barely misses you. The water moccasin bites you.
* * * LOW HITPOINT WARNING * * *
You are lethally poisoned!
The water moccasin poisons you!
* * * LOW HITPOINT WARNING * * *
You feel very sick.
The centaur shoots an arrow.
The arrow hits you!
You die...

#.. ..# ... #..# ... #..#
.g. #..#
.og##############..######
.Z.g....g.....g.........#
#.z#####...####o........#
#.. #...# #.S.......#
#..#####...# #.@.......#
##........># #.........#
#######...# #.........#
#...# #.........# #...#
#.........# #...#
#.........# #####
#.......c.# ###########


You could see a water moccasin, a centaur, a gnoll and an orc.

Vanquished Creatures
  Natasha (D:2)
  A gnoll (D:3)
  3 adders
  2 worms
  2 dart slugs
  6 endoplasms
  A giant cockroach (D:1)
  4 goblins
  5 hobgoblins
  A quokka (D:1)
  2 ball pythons
  7 bats
  7 frilled lizards
  3 kobolds
  2 rats (D:1)
47 creatures vanquished.

Vanquished Creatures (others)
  2 demonic plants (D:2)
  21 plants (D:3)
23 creatures vanquished.

Grand Total: 70 creatures vanquished

Notes
Turn   | Place    | Note
-------+----------+-------------------------------------------
     0 | D:1      | NinjaNoafa the Minotaur Fighter began the quest for the
                  | Orb.
     0 | D:1      | Reached XP level 1. HP: 19/19 MP: 0/0
   228 | D:1      | Reached XP level 2. HP: 27/27 MP: 1/1
   621 | D:1      | Reached XP level 3. HP: 33/33 MP: 2/2
   829 | D:2      | Found a shimmering altar of Xom.
  1096 | D:2      | Noticed Natasha
  1100 | D:2      | Killed Natasha
  1101 | D:2      | Reached XP level 4. HP: 35/41 MP: 3/3
  1284 | D:2      | Found a faded altar of an unknown god.
  1333 | D:3      | Noticed Terence
  1346 | D:3      | Gained mutation: You are strong-willed. (Will+) [potion of
                  | mutation]
  1346 | D:3      | Gained mutation: You are robust. (+10% HP) [potion of
                  | mutation]
  1353 | D:3      | HP: 2/45 [gnoll/+0 spear (1)]
  1361 | D:3      | HP: 2/45 [bat (1)]
  1655 | D:3      | You fall into a shaft and drop 3 floors!
  1716 | D:6      | Noticed a water moccasin
  1733 | D:6      | Noticed a centaur
  1735 | D:6      | Shot with an arrow by a centaur

Illustrated notes

Levels and vault maps discovered:
D:1:      ncdulo_smallfort, layout_basic
D:2:      layout_basic, dreamdust_ecumenical_altar_sealed_demon, basic_altar,
          minmay_surrounded, uniq_natasha
D:3:      layout_basic, serial_bayou, serial_bayou_pond_c, serial_bayou_pond_e,
          serial_bayou_pond_b, serial_bayou_ford_a, serial_bayou_pond_c,
          gammafunk_ghost_nasty_kobolds, uniq_terence
D:6:      cheibrodos_helix_gallery, layout_rooms,
          nicolae_ru_great_annihilating_truth, enter_ossuary_1

Skill      XL: |  1  2  3 |
---------------+----------+-----
Armour         | 4 |  4.6
Shields        | 4 |  4.5
Fighting       | 4 |  4.5
Long Blades    | 3 |  3.6

Action                   |  1- 3 |  4- 6 || total
-------------------------+-------+-------++-------
Melee: Long sword        |    68 |    26 ||    94
       Headbutt          |     6 |     5 ||    11
  Use: Potion            |       |     6 ||     6
       Scroll            |       |     3 ||     3
Armor: Scale mail        |    30 |       ||    30
       Chain mail        |    14 |    17 ||    31
       Skin              |       |    13 ||    13
Dodge: Dodged            |    41 |    21 ||    62
Block: Buckler           |    16 |    12 ||    28
